 Dungeon Crawl Stone Soup version 0.17-a0-1534-gf98da79 (console) character file.

1112 Monkaria the Spear-Bearer (level 8, 0/68 HPs)
             Began as a Minotaur Berserker on July 17, 2015.
             Was a Priest of Trog.
             Slain by a centaur (9 damage)
             ... on level 5 of the Dungeon.
             The game lasted 00:07:40 (4252 turns).

Monkaria the Spear-Bearer (Minotaur Berserker)      Turns: 4252, Time: 00:07:41

Health: 0/68       AC:  6    Str: 20      XL:     8   Next: 11%
Magic:  7/7        EV: 12    Int:  4      God:    Trog [***...]
Gold:   202        SH:  0    Dex:  9 (11) Spells: 0 memorised, 7 levels left

rFire  . . .     SeeInvis .     a - +0 spear
rCold  . . .     Clarity  .     b - +0 animal skin
rNeg   . . .     SustAt   .     (no shield)
rPois  .         Gourm    .     (helmet restricted)
rElec  .         Spirit   .     B - +0 cloak
rCorr  .         Warding  .     u - +0 pair of gloves
rMut   .         Stasis   .     t - +0 pair of boots
MR     +....                    (no amulet)
Stlth  +.........               f - ring of protection from magic
                                e - -3 ring of strength (curse)

@: somewhat resistant to hostile enchantments, very unstealthy
A: retaliatory headbutt, horns 2
a: Burn Spellbooks, Berserk, Trog's Hand, Renounce Religion


You were on level 5 of the Dungeon.
You worshipped Trog.
Trog was most pleased with you.
You were not hungry.

You visited 1 branch of the dungeon, and saw 5 of its levels.

You collected 202 gold pieces.

Inventory:

Hand weapons
 a - a +0 spear (weapon)
Missiles
 z - 12 tomahawks (quivered)
Armour
 b - a +0 animal skin (worn)
 t - a +0 pair of boots (worn)
 u - a +0 pair of gloves (worn)
 B - a +0 cloak (worn)
Jewellery
 e - a cursed -3 ring of strength (left hand)
 f - a ring of protection from magic (right hand)
 k - an uncursed amulet of regeneration
Magical devices
 r - a wand of cold (0)
 y - a wand of digging (11)
Scrolls
 d - 3 scrolls of random uselessness {unknown}
 g - a scroll of amnesia {unknown}
 h - 4 scrolls of remove curse {unknown}
 i - a scroll of magic mapping {unknown}
 j - a scroll of enchant armour {unknown}
 n - a scroll of recharging {unknown}
 o - 2 scrolls of noise {unknown}
 p - a scroll of fog {unknown}
 A - a scroll of identify
Potions
 l - 6 potions of curing
 q - a potion of lignification
 s - a potion of might
 v - a potion of cancellation
 x - a potion of mutation {unknown}
Comestibles
 c - 4 bread rations
 m - a meat ration


   Skills:
 - Level 5.0 Fighting
 + Level 8.4 Polearms
 - Level 8.2 Armour
 - Level 2.1 Dodging


You had 7 spell levels left.
You didn't know any spells.

Dungeon Overview and Level Annotations

Branches:
Dungeon (5/15)             Temple (0/1) D:4

Altars:
Gozag
Sif Muna
Vehumet

Annotations:
D:4 trantor's ghost, average MiFi


Innate Abilities, Weirdness & Mutations

You reflexively headbutt those who attack you in melee.
You have a pair of horns on your head.


Message History

The centaur unwields an uncursed shortbow.
The centaur hits you!
* * * LOW HITPOINT WARNING * * *
The centaur hits you.
* * * LOW HITPOINT WARNING * * *
Found 14 stones.
You hit the centaur.
The centaur is moderately wounded.
The centaur hits you but does no damage.
You hit the centaur.
The centaur is moderately wounded.
The centaur closely misses you.
You closely miss the centaur.
The centaur is moderately wounded.
The centaur hits you!
* * * LOW HITPOINT WARNING * * *
You closely miss the centaur. Your headbutt misses the centaur.
The centaur is moderately wounded.
The centaur hits you!
You die...

##.## #. #...
#> #..#
#####$###..#
...........#
..........<#
.........(##
........(.#
####.#@#.#
#.....c.......#
#........####.#
#.........
#........##
#.......$#
#........#
.....(...#


You could see a centaur.

Vanquished Creatures
  Grinder (D:3)
  Eustachio (D:4)
  Menkaure (D:4)
  Duvessa (D:4)
  2 ogres (D:4)
  Dowan (D:4)
  A scorpion (D:4)
  A hound (D:4)
  An orc wizard (D:3)
  Crazy Yiuf (D:4)
  A worker ant (D:4)
  6 adders
  4 gnolls
  3 worms
  An adder skeleton (D:3)
  3 giant geckos
  6 orcs
  2 ball pythons
  8 giant cockroaches
  6 hobgoblins
  10 jackals
  6 kobolds
  A quokka (D:3)
  13 bats
  4 giant newts
  7 goblins
  10 rats
102 creatures vanquished.

Notes
Turn   | Place    | Note
--------------------------------------------------------------
     0 | D:1      | Monkaria the Minotaur Berserker began the quest for the Orb.
     0 | D:1      | Reached XP level 1. HP: 19/19 MP: 0/0
    89 | D:1      | Reached skill level 4 in Fighting
   155 | D:1      | Reached XP level 2. HP: 5/28 MP: 1/1
   519 | D:1      | Reached skill level 5 in Fighting
   928 | D:1      | Reached XP level 3. HP: 36/36 MP: 2/2
   951 | D:1      | You fall through a shaft!
   980 | D:2      | Acquired Trog's second power
  1174 | D:2      | You fall through a shaft!
  1284 | D:3      | Reached skill level 5 in Polearms
  1284 | D:3      | Reached XP level 4. HP: 7/42 MP: 3/3
  1459 | D:3      | Found an opulent altar of Gozag.
  1459 | D:3      | Found a radiant altar of Vehumet.
  2050 | D:3      | Noticed Grinder
  2061 | D:3      | Paralysed by Grinder for 3 turns
  2071 | D:3      | Killed Grinder
  2071 | D:3      | Reached skill level 7 in Polearms
  2071 | D:3      | Reached XP level 5. HP: 21/48 MP: 4/4
  2071 | D:3      | Reached XP level 6. HP: 24/56 MP: 5/5
  2597 | D:2      | Found a deep blue altar of Sif Muna.
  2782 | D:1      | Reached skill level 8 in Polearms
  3091 | D:4      | Noticed Menkaure
  3113 | D:4      | Killed Menkaure
  3113 | D:4      | Reached XP level 7. HP: 52/61 MP: 6/6
  3197 | D:4      | Reached skill level 5 in Armour
  3493 | D:4      | Noticed Duvessa
  3493 | D:4      | Noticed Dowan
  3496 | D:4      | Found a staircase to the Ecumenical Temple.
  3553 | D:4      | Killed Duvessa
  3556 | D:4      | Killed Dowan
  3725 | D:4      | Noticed Eustachio
  3775 | D:4      | Noticed Crazy Yiuf
  3781 | D:4      | Killed Crazy Yiuf
  3914 | D:4      | Killed Eustachio
  3914 | D:4      | Reached XP level 8. HP: 22/68 MP: 7/7
  4236 | D:4      | Noticed trantor's ghost (average MiFi)
  4242 | D:5      | Entered Level 5 of the Dungeon
  4252 | D:5      | Slain by a centaur

Vault maps used:
D:1:      scummos_arrival_simple_crosswalls
D:2:      lemuel_blue_sif_altar
D:3:      gammafunk_temple_overflow_pools, hangedman_decor_growths, uniq_grinder
D:4:      minmay_temple_entry_butterflies, first_bread, uniq_menkaure,
          uniq_crazy_yiuf_cottage, uniq_duvessa, uniq_eustachio
D:5:      gammafunk_temple_overflow_wave, xom_butterflies, uniq_blork_the_orc

Action                   |  1- 3 |  4- 6 |  7- 9 || total
-------------------------+-------+-------+-------++-------
Melee: Spear             |   116 |   162 |   130 ||   408
Invok: Trog's Hand       |       |     3 |     3 ||     6
       Berserk           |       |     2 |     1 ||     3
Evoke: Wand              |       |     2 |       ||     2
  Use: Scroll            |     1 |     4 |     1 ||     6
 Stab: Sleeping          |       |     3 |       ||     3
  Eat: Chunk             |     1 |     6 |     6 ||    13
       Pizza             |       |     1 |       ||     1
